 Dungeon Crawl Stone Soup version 0.20-a0-1023-gc4d110f (webtiles) character file.

209 AlphabetPasta the Charmwright (level 5, -3/42 HPs)
             Began as a Gnoll Skald on Apr 18, 2017.
             Slain by an orc
             ... wielding a +0 trident
              (10 damage)
             ... on level 4 of the Dungeon.
             The game lasted 00:13:53 (3329 turns).

AlphabetPasta the Charmwright (Gnoll Skald)         Turns: 3329, Time: 00:13:53

Health: -3/42      AC:  4    Str: 11    XL:     5   Next: 87%
Magic:  5/10       EV: 14    Int: 13    God:
Gold:   319        SH:  0    Dex: 17    Spells: 3/11 levels left

rFire    . . .     SeeInvis .   a - +1 hand axe
rCold    . . .     Gourm    .   (no shield)
rNeg     . . .     Faith    .   b - +1 leather armour
rPois    .         Spirit   .   (no helmet)
rElec    .         Reflect  .   (no cloak)
rCorr    .         Harm     .   (no gloves)
MR       .....                  (no boots)
Stlth    +.........             (no amulet)
Regen    0.2/turn               m - +3 ring of dexterity
MPRegen  0.2/turn               (no ring)

@: infused, slowed, very slow
A: short attention span, fangs 1, strong nose
a: no special abilities


You were on level 4 of the Dungeon.
You were not hungry.

You visited 1 branch of the dungeon, and saw 4 of its levels.

You collected 319 gold pieces.

Inventory:

Hand Weapons
 a - a +1 hand axe (weapon)
Missiles
 n - 9 tomahawks (quivered)
 r - 14 poisoned needles
Armour
 b - a +1 leather armour (worn)
 k - a +0 shield
Jewellery
 m - a +3 ring of dexterity (left hand)
Scrolls
 f - a scroll of identify
 l - 3 scrolls of fog
 o - a scroll of magic mapping
 q - a scroll of remove curse
Potions
 e - a potion of agility
 g - 2 potions of brilliance
 i - a potion of haste
 j - a potion of might
 p - 3 potions of invisibility
Books
 c - a book of Battle

   Spells                             Type                      Level
   a - Infusion                       Charms                       1
   b - Shroud of Golubria             Charms/Translocation         2
   c - Song of Slaying                Charms                       2
   d - Spectral Weapon                Hexes/Charms                 3
   e - Regeneration                   Charms/Necromancy            3
Comestibles
 d - 4 bread rations


   Skills:
 + Level 3.7 Fighting
 * Level 5.1 Axes
 + Level 2.3 Throwing
 + Level 3.2 Armour
 + Level 3.9 Dodging
 + Level 1.5 Shields
 + Level 3.9 Spellcasting
 * Level 5.3 Charms


You had 3 spell levels left.
You knew the following spells:

 Your Spells              Type           Power        Failure   Level  Hunger
a - Infusion              Chrm           ###.         3%          1    None
b - Song of Slaying       Chrm           ###.....     4%          2    ##.....
c - Shroud of Golubria    Chrm/Tloc      #.........   13%         2    ##.....
d - Regeneration          Chrm/Necr      #.........   26%         3    ###....


Dungeon Overview and Level Annotations

Branches:
Dungeon (4/15)
 Temple: D:4-7

Altars:
Uskayaw

Annotations:
D:3 Wdx2's ghost, amateur DrMo


Innate Abilities, Weirdness & Mutations

You have a short attention span.
You have very sharp teeth.
Your uncanny sense of smell can sniff out nearby items.


Message History

The orc wizard blinks!
The orc priest closely misses you.
You barely miss the orc priest. You bite the orc priest.
The orc priest is lightly wounded.
You hit the iguana but do no damage.
The orc hits you from afar with a trident.
The orc priest completely misses you. The iguana closely misses you.
The orc hits you from afar with a trident.
You slash the orc priest!
The orc priest is severely wounded.
You hit the iguana but do no damage. The iguana bites you!
* * * LOW HITPOINT WARNING * * *
The orc priest misses you. The orc barely misses you. The iguana bites you.
* * * LOW HITPOINT WARNING * * *
Unknown command.
You hit the orc priest.
You kill the orc priest!
Your Throwing skill increases to level 2!
You closely miss the iguana.
The orc hits you from afar with a trident!
You die...

+ #♣≈≈# #. #≈
#♣≈♣♣≈# #. ♣≈♣≈♣#
≈# .# #. ♣≈≈≈♣#♣#
.# #^ #♣≈♣≈♣###
#.#### #.
♣≈♣#♣≈#.####......
#. ≈≈♣
♣≈'.......... ##
#+# ♣≈≈♣#...##..#
## ### #...@o..#
#. #. #.###l..#
.###.###. #.#
#)o..............
#.#
#..#####......#..
#.. ...# #......
### o#.# #......
#. .# ###[..... ..
.. ......... .. #.
#.#......


You could see an iguana, an orc wizard and an orc.

Vanquished Creatures
  A centaur skeleton (D:4)
  An orc priest (D:4)
  A worker ant (D:4)
  A gnoll (D:1)
  3 adders
  An ooze (D:1)
  3 worms
  A dart slug (D:1)
  A leopard gecko (D:2)
  13 orcs
  A ball python (D:3)
  A giant cockroach (D:1)
  8 goblins
  3 hobgoblins
  3 jackals (D:2)
  A quokka (D:2)
  9 bats
  6 frilled lizards
  3 kobolds
  7 rats
68 creatures vanquished.

Notes
Turn   | Place    | Note
-------+----------+-------------------------------------------
     0 | D:1      | AlphabetPasta the Gnoll Skald began the quest for the Orb.
     0 | D:1      | Reached XP level 1. HP: 18/18 MP: 4/4
   249 | D:1      | Reached XP level 2. HP: 24/24 MP: 3/6
   253 | D:1      | Learned a level 2 spell: Song of Slaying
   256 | D:1      | Learned a level 2 spell: Shroud of Golubria
   548 | D:1      | Reached XP level 3. HP: 20/29 MP: 2/7
   993 | D:2      | Found a hide-covered altar of Uskayaw.
   994 | D:2      | Noticed a dagger
   994 | D:2      | Noticed a dagger
  1113 | D:2      | Learned a level 3 spell: Regeneration
  1252 | D:2      | Learned a level 3 spell: Regeneration
  1353 | D:2      | Reached XP level 4. HP: 32/35 MP: 3/9
  1356 | D:2      | Reached skill level 1 in Throwing
  1472 | D:3      | Found a faded altar of an unknown god.
  1854 | D:3      | Noticed Wdx2's ghost (amateur DrMo)
  2256 | D:3      | Reached skill level 5 in Charms
  2681 | D:3      | Reached skill level 1 in Shields
  2729 | D:2      | Reached XP level 5. HP: 5/41 MP: 4/10
  3325 | D:4      | Reached skill level 5 in Axes
  3329 | D:4      | Slain by an orc

Vault maps used:
D:1:      minmay_arrival_shoal_huts, minmay_misc_feat_room
D:2:      dancing_weapons_uskayaw
D:3:      lemuel_blue_sif_altar, first_bread,
          chequers_ecumenical_altar_simple_redux
D:4:      saegor_snake_ambush

Skill      XL: |  1  2  3  4  5 |
---------------+----------------+-----
Axes           | 4 5 |  5.1
Throwing       | 1 2 |  2.3
Armour         | 2 3 |  3.2
Charms         | 5 |  5.3
Shields        | 1 |  1.5
Fighting       | |  3.7
Dodging        | |  3.9
Spellcasting   | |  3.9

Action                   |  1- 3 |  4- 6 || total
-------------------------+-------+-------++-------
Melee: Hand axe          |    81 |   107 ||   188
       Bite              |     4 |    10 ||    14
Throw: Tomahawk          |       |     4 ||     4
 Cast: Infusion          |    13 |    12 ||    25
  Use: Scroll            |     7 |     8 ||    15
  Eat: Chunk             |     1 |     7 ||     8
Armor: Leather armour    |    15 |    32 ||    47
Dodge: Dodged            |    43 |    73 ||   116
